 Dungeon Crawl Stone Soup version 0.25-a0-1079-g858b6a6ff6 (webtiles) character file.

Game seed: 1962322017372966469, levelgen mode: deterministic

215 Flugslaktarn the Covered (level 5, -2/33 HPs)
             Began as a Gargoyle Fighter on May 15, 2020.
             Slain by an iron imp (6 damage)
             ... summoned by Eustachio
             ... on level 3 of the Dungeon.
             The game lasted 00:01:39 (2509 turns).

Flugslaktarn the Covered (Gargoyle Fighter)         Turns: 2509, Time: 00:01:39

Health: -2/33      AC: 12    Str: 21      XL:     5   Next: 92%
Magic:  5/5        EV:  7    Int:  8      God:
Gold:   115        SH:  9    Dex:  8 (9)  Spells: 4/4 levels left

rFire    . . .     SeeInvis .   a - +0 war axe
rCold    . . .     Gourm    .   c - +0 kite shield
rNeg     + . .     Faith    .   b - +0 scale mail
rPois    ∞         Spirit   .   (no helmet)
rElec    +         Reflect  .   (no cloak)
rCorr    .         Harm     .   (no gloves)
MR       .....                  t - +0 pair of boots
Stlth    ..........             (no amulet)
HPRegen  0.11/turn              (no ring)
MPRegen  0.09/turn              (no ring)

@: no status effects
A: negative energy resistance 1, electricity resistance, unbreathing,
petrification resistance, rot immunity, AC +4
a: no special abilities


You were on level 3 of the Dungeon.
You were hungry.

You visited 1 branch of the dungeon, and saw 4 of its levels.

You collected 115 gold pieces.

Inventory:

Hand Weapons
 a - a +0 war axe (weapon)
Missiles
 n - 2 throwing nets (quivered)
 w - 6 curare-tipped darts
Armour
 b - a +0 scale mail (worn)
 c - a +0 kite shield (worn)
 t - a +0 pair of boots (worn)
   (You found it on level 3 of the Dungeon)
Jewellery
 h - a cursed ring of teleportation {unknown}
   (You found it on level 1 of the Dungeon)
 s - an uncursed ring of stealth {unknown}
   (You found it on level 3 of the Dungeon)
 z - an uncursed ring of resist corrosion {unknown}
   (You found it on level 3 of the Dungeon)
Wands
 i - a wand of iceblast (8)
   (You found it on level 2 of the Dungeon)
Scrolls
 j - 2 scrolls of amnesia {unknown}
 k - 2 scrolls of remove curse {unknown}
 l - 7 scrolls of identify {unknown}
 o - a scroll of teleportation {unknown}
 p - a scroll of fear {unknown}
 r - 2 scrolls of fog {unknown}
 v - a scroll of magic mapping {unknown}
 y - a scroll of enchant weapon {unknown}
Potions
 d - a potion of might
 f - 2 potions of resistance {unknown}
 g - 2 potions of curing {unknown}
 m - a potion of cancellation {unknown}
 u - a potion of mutation {unknown}
 x - 2 potions of stabbing {unknown}
Comestibles
 e - 6 rations
 q - 3 chunks of flesh


   Skills:
 + Level 4.2 Fighting
 * Level 3.7 Axes
 + Level 4.3 Armour
 + Level 4.2 Shields


You had 4 spell levels left.
You didn't know any spells.
Your spell library was empty.

Dungeon Overview and Level Annotations

Branches:
Dungeon (4/15)
 Temple: D:4-7

Altars:

Annotations:
D:3 Eustachio


Innate Abilities, Weirdness & Mutations

You are resistant to torment.
Your stone body is resilient. (AC +4)
You are immune to poison.
You resist negative energy. (rN+)
You are resistant to electric shocks. (rElec)
You can survive without breathing.
You are immune to petrification.
You are immune to rotting.


Message History

You barely miss Eustachio.
Eustachio is almost dead.
You hit the river rat. You hit the iron imp but do no damage.
The bat hits you but does no damage. The river rat bites you.
* * * LOW HITPOINT WARNING * * *
Eustachio hits you but does no damage. The river rat barely misses you.
Your shield prevents you from hitting Eustachio.
Eustachio is almost dead.
You closely miss the river rat. You closely miss the iron imp.
You block the bat's attack. Eustachio hits you but does no damage.
You block the river rat's attack. You block the iron imp's attack.
The crimson imp hits you but does no damage.
You barely miss Eustachio.
Eustachio is almost dead.
You barely miss the river rat. You hit the iron imp but do no damage.
You hit the crimson imp. You block the bat's attack.
Eustachio barely misses you.
The river rat bites you but does no damage.
The crimson imp barely misses you. The iron imp hits you.
You die...

####.....#####...............#
#..#.....#..####.............#
#..'.....'..#..####..........#
####'###'####<.# #..........#
#..#..#.....# #..........#
#..#..#.....# #..........#
#######.....####..........#
#......5@...........####
##..b..@rr..........#
#.#####5...........# #>#
#5...........# #÷#
#............### #.#
########'#.....# #.# #.#.....#
#.############.#.....##
#.##........##.+..)....
#.##........####.....##


You could see Eustachio, an iron imp (summoned), a crimson imp (summoned), a
river rat (summoned), a shadow imp (summoned), a quokka (summoned) and a bat
(summoned).

Vanquished Creatures
  A worker ant (D:3)
  A hound skeleton (D:2)
  Robin (D:4)
  10 adders
  A dart slug (D:2)
  2 leopard geckos
  5 orcs (D:3)
  6 ball pythons (D:3)
  8 bats
  2 giant cockroaches (D:1)
  8 goblins
  10 hobgoblins
  3 jackals (D:3)
  3 frilled lizards
  5 kobolds
  7 rats
73 creatures vanquished.

Vanquished Creatures (others)
  A draconian (D:1)
  2 gargoyles (D:1)
  A vine stalker (D:1)
  A troll (D:1)
  A vampire (D:1)
  4 humans (D:1)
  An ogre (D:1)
  A mummy (D:1)
  4 tentacles (D:1)
16 creatures vanquished.

Grand Total: 89 creatures vanquished

Notes
Turn   | Place    | Note
-------+----------+-------------------------------------------
     0 | D:1      | Flugslaktarn the Gargoyle Fighter began the quest for the
                  | Orb.
     0 | D:1      | Reached XP level 1. HP: 14/14 MP: 1/1
     0 | D:1      | Noticed a troll
     0 | D:1      | Noticed a draconian
     0 | D:1      | Noticed a human
     0 | D:1      | Noticed a vine stalker
     0 | D:1      | Noticed a human
     0 | D:1      | Noticed a human
     0 | D:1      | Noticed a kraken
     0 | D:1      | Noticed a gargoyle
     0 | D:1      | Noticed a human
     0 | D:1      | Noticed a gargoyle
     0 | D:1      | Noticed an ogre
     0 | D:1      | Noticed a vampire
     4 | D:1      | Killed a gargoyle
     5 | D:1      | Killed an ogre
     5 | D:1      | Killed a human
     8 | D:1      | Killed a gargoyle
     9 | D:1      | Killed a vampire
    10 | D:1      | Killed a vine stalker
    11 | D:1      | Killed a human
    11 | D:1      | Killed a human
    11 | D:1      | Killed a human
    13 | D:1      | Killed a troll
    14 | D:1      | Killed a draconian
   138 | D:1      | Reached XP level 2. HP: 19/19 MP: 2/2
   428 | D:2      | Reached XP level 3. HP: 15/23 MP: 3/3
   718 | D:2      | Reached XP level 4. HP: 29/29 MP: 4/4
  1899 | D:3      | Reached XP level 5. HP: 31/33 MP: 5/5
  2315 | D:4      | Noticed Eustachio
  2315 | D:4      | Noticed Robin
  2325 | D:4      | Killed Robin
  2509 | D:3      | Slain by an iron imp

Illustrated notes

Levels and vault maps discovered:
D:1:      nicolae_arrival_kraken_aquarium_a, layout_rooms
D:2:      layout_basic
D:3:      layout_basic, minmay_snake_closets
D:4:      layout_cave_pools, lemuel_round_altar, first_ration, minmay_distorted,
          uniq_robin, uniq_eustachio

Skill      XL: |  1  2  3  4  5 |
---------------+----------------+-----
Axes           | 2 3 |  3.7
Armour         | 4 |  4.3
Fighting       | 4 |  4.2
Shields        | 4 |  4.2

Action                   |  1- 3 |  4- 6 || total
-------------------------+-------+-------++-------
Melee: War axe           |    92 |   193 ||   285
  Eat: Chunk             |       |     5 ||     5
Armor: Scale mail        |    77 |   209 ||   286
Dodge: Dodged            |    53 |   131 ||   184
Block: Kite shield       |    70 |   169 ||   239

Table legend:
 A = Non-vault XP
 B = Vault XP
 C = Vault XP percentage of total XP
 D = Non-vault monster count
 E = Vault monster count
 F = Vault count percentage of total count
                 A         B        C        D         E       F
            +---------+---------+-------+---------+---------+-------
      Total |     211 |      97 |  31.5 |      52 |      21 |  28.8
            +---------+---------+-------+---------+---------+-------
        D:1 |      20 |       0 |   0.0 |      12 |       0 |   0.0
        D:2 |     108 |       0 |   0.0 |      22 |       0 |   0.0
        D:3 |      83 |      65 |  43.9 |      18 |      11 |  37.9
        D:4 |       0 |      32 | 100.0 |       0 |      10 | 100.0
            +---------+---------+-------+---------+---------+-------
